 Dungeon Sprint DCSS version 0.16.2-2-g470672f (webtiles) character file.

543 ericwiseman123 the Cleaver (level 7, -8/73 HPs)
             Began as a Hill Orc Berserker on Aug 28, 2015.
             Was the Champion of Trog.
             Mangled by a snapping turtle (17 damage)
             ... in the Dungeon (Sprint VII: "The Pits").
             The game lasted 00:05:50 (1199 turns).

ericwiseman123 the Cleaver (Hill Orc Berserker)     Turns: 1199, Time: 00:05:50

Health: -8/73      AC: 13    Str: 22      XL:     7   Next: 27%
Magic:  7/7        EV: 10    Int:  5 (7)  God:    Trog [******]
Gold:   0          SH:  0    Dex: 10      Spells: 0 memorised, 6 levels left

rFire  . . .     SeeInvis .     t - +3 trident (pierce)
rCold  . . .     Clarity  .     u - +3 chain mail
rNeg   . . .     SustAb   .     (no shield)
rPois  .         Gourm    .     (no helmet)
rElec  .         Spirit   .     (no cloak)
rCorr  .         Warding  .     (no gloves)
rMut   .         NoTele   +     (no boots)
MR     .....                    (no amulet)
Stlth  ..........               (no ring)
                                (no ring)

@: exhausted, slowed, very slow, not resistant to hostile enchantments,
extremely unstealthy
A: no striking features
a: Burn Spellbooks, Berserk, Trog's Hand, Brothers in Arms, Renounce Religion


You were in the Dungeon.
You worshipped Trog.
Trog was exalted by your worship.
You were very full.

You visited 1 branch

Inventory:

Hand weapons
 a - a +0 hand axe
 j - a +2 trident of venom
 k - a +2 hand axe
 r - a +2 hand axe of freezing
 s - a +0 long sword of flaming
 t - a +3 trident of piercing (weapon)
 v - a +2 battleaxe of electrocution
Missiles
 q - 10 stones (quivered)
 w - 4 tomahawks of returning
Armour
 b - a +0 animal skin
 u - a +3 chain mail (worn)
Scrolls
 i - a scroll of blinking
 o - 3 scrolls of remove curse
 p - a scroll of summoning
Potions
 d - 6 potions of curing
 e - 6 potions of heal wounds
 f - a potion of haste
 g - 4 potions of magic
 h - 3 potions of berserk rage
 n - 2 potions of invisibility
Comestibles
 c - 8 meat rations
 l - 27 fruits
 m - 7 bread rations


   Skills:
 + Level 10.8 Fighting
 + Level 10.9(11.3) Axes
 + Level 4.3(7.3) Polearms
 + Level 5.9 Armour
 + Level 6.0 Dodging
 + Level 1.0 Stealth


You had 6 spell levels left.
You didn't know any spells.

Dungeon Overview and Level Annotations

Branches:
Dungeon (1/1)

Altars:
Ashenzari
Cheibriados
Dithmenos
Elyvilon
Fedhas
Gozag
Kikubaaqudgha
Makhleb
Nemelex Xobeh
Okawaru
Qazlal
Ru
Sif Muna
Trog
Vehumet
Xom
Yredelemnul
Zin
The Shining One
Beogh
Jiyva
Lugonu


Message History

You hit the snapping turtle but do no damage.
The snapping turtle is moderately wounded.
You hit the snapping turtle but do no damage.
The snapping turtle is moderately wounded.
You hit the snapping turtle but do no damage.
The snapping turtle is moderately wounded.
You barely miss the snapping turtle.
The snapping turtle is moderately wounded.
Your chain mail prevents you from hitting the snapping turtle.
The snapping turtle is moderately wounded.
You hit the snapping turtle but do no damage.
The snapping turtle is moderately wounded.
The snapping turtle emerges from its shell.
The snapping turtle bites you!
* * * LOW HITPOINT WARNING * * *
The snapping turtle completely misses you.
You barely miss the snapping turtle.
The snapping turtle is moderately wounded.
The snapping turtle bites you!
You die...

#.#........##.......#
#.#........##.......#
#'###########.......#
#.......# #########
#..#)#..# #.##.##.#
#.......#+#
#.##.##.#t+
#..#.#..#@#
#.......'.#
###########


You could see a snapping turtle.

Vanquished Creatures
  An orc warrior (D)
  An ice beast (D)
  A big kobold (D)
  2 brain worms (D)
  A crimson imp (D)
  A hound (D)
  An iguana (D)
  An orc wizard (D)
  A gnoll (D)
  A river rat (D)
  A giant mite (D)
  An ufetubus (D)
  2 orcs (D)
  2 ball pythons (D)
  A hobgoblin (D)
  A kobold (D)
19 creatures vanquished.

Notes
Turn   | Place    | Note
--------------------------------------------------------------
     0 | D        | ericwiseman123, the Hill Orc Berserker, began the quest for the Orb.
     0 | D        | Reached XP level 1. HP: 19/19 MP: 1/1
    42 | D        | Found a sacrificial altar of Ru.
    42 | D        | Found a basalt altar of Yredelemnul.
    42 | D        | Found a shadowy altar of Dithmenos.
    42 | D        | Found a deep blue altar of Sif Muna.
    42 | D        | Found a burning altar of Makhleb.
    42 | D        | Found a shimmering altar of Xom.
    42 | D        | Found an ancient bone altar of Kikubaaqudgha.
    42 | D        | Found a sparkling altar of Nemelex Xobeh.
    43 | D        | Found a glowing golden altar of the Shining One.
    43 | D        | Found a bloodstained altar of Trog.
    43 | D        | Found a shattered altar of Ashenzari.
    43 | D        | Found a white marble altar of Elyvilon.
    43 | D        | Found a snail-covered altar of Cheibriados.
    43 | D        | Found a blossoming altar of Fedhas.
    43 | D        | Found a radiant altar of Vehumet.
    43 | D        | Found a glowing silver altar of Zin.
    43 | D        | Found a corrupted altar of Lugonu.
    43 | D        | Found a viscous altar of Jiyva.
    43 | D        | Found a roughly hewn altar of Beogh.
    43 | D        | Found an iron altar of Okawaru.
    49 | D        | Found a stormy altar of Qazlal.
    49 | D        | Found an opulent altar of Gozag.
    90 | D        | Reached skill level 5 in Axes
    90 | D        | Reached XP level 2. HP: 17/28 MP: 2/2
    93 | D        | Acquired Trog's second power
    93 | D        | Reached skill level 5 in Fighting
   271 | D        | Noticed a brain worm
   274 | D        | Killed a brain worm
   274 | D        | Reached skill level 7 in Fighting
   274 | D        | Reached skill level 8 in Axes
   274 | D        | Reached XP level 3. HP: 32/39 MP: 3/3
   274 | D        | Reached XP level 4. HP: 38/47 MP: 4/4
   533 | D        | Noticed a brain worm
   542 | D        | Acquired Trog's third power
   552 | D        | Killed a brain worm
   552 | D        | Reached skill level 9 in Axes
   552 | D        | Reached skill level 1 in Polearms
   552 | D        | Reached XP level 5. HP: 45/56 MP: 5/5
   633 | D        | Noticed an orc warrior
   633 | D        | Noticed an orc wizard
   645 | D        | Killed an orc wizard
   649 | D        | Noticed an iguana
   656 | D        | Killed an orc warrior
   656 | D        | Reached skill level 10 in Axes
   656 | D        | Reached XP level 6. HP: 15/66 MP: 6/6
   658 | D        | Noticed an ice beast
   660 | D        | Killed an iguana
   660 | D        | Reached skill level 5 in Armour
   660 | D        | Reached skill level 5 in Dodging
   664 | D        | Killed an ice beast
   664 | D        | Received a gift from Trog
   664 | D        | Reached skill level 10 in Fighting
   668 | D        | Noticed a hound
   669 | D        | Noticed a big kobold
   674 | D        | Killed a hound
   674 | D        | Reached XP level 7. HP: 10/73 MP: 7/7
   677 | D        | HP: 3/73 [big kobold/short sword (4)]
   678 | D        | Killed a big kobold
   678 | D        | Reached skill level 1 in Stealth
  1124 | D        | Received a gift from Trog
  1134 | D        | Noticed a crimson imp
  1148 | D        | Killed a crimson imp
  1155 | D        | Noticed a snapping turtle
  1199 | D        | Mangled by a snapping turtle

Action                   |  1- 3 |  4- 6 |  7- 9 || total
-------------------------+-------+-------+-------++-------
Melee: Trident           |     8 |    45 |    62 ||   115
       Hand axe          |     2 |       |       ||     2
Invok: Berserk           |       |     2 |     1 ||     3
  Eat: Fruit             |       |       |    13 ||    13
